 Dungeon Crawl Stone Soup version 0.23.2-40-g277498a001 (webtiles) character file.

Game seed: 13123941935169516311

579 Ivernyr the Chucker (level 7, 0/72 HPs)
             Began as an Ogre Hunter on Sept 27, 2019.
             Slain by a centaur (6 damage)
             ... on level 5 of the Dungeon.
             The game lasted 00:23:38 (7314 turns).

Ivernyr the Chucker (Ogre Hunter)                   Turns: 7314, Time: 00:23:39

Health: 0/72       AC:  4    Str: 17    XL:     7   Next: 36%
Magic:  0/7        EV: 11    Int: 12    God:
Gold:   161        SH:  0    Dex: 11    Spells: 6/6 levels left

rFire    . . .     SeeInvis .   a - +0 whip
rCold    . . .     Gourm    .   (no shield)
rNeg     . . .     Faith    .   b - +1 robe of the Leaf {Regen+}
rPois    .         Spirit   +   (helmet restricted)
rElec    .         Reflect  .   (no cloak)
rCorr    +         Harm     .   (gloves unavailable)
MR       .....                  (boots unavailable)
Stlth    +.........             m - amulet of guardian spirit
HPRegen  0.62/turn              e - ring of resist corrosion
MPRegen  0.10/turn              (no ring)

@: no status effects
A: large, unfitting armour, tough skin 1
a: no special abilities


You were on level 5 of the Dungeon.
You were very hungry.

You visited 2 branches of the dungeon, and saw 6 of its levels.

You collected 161 gold pieces.

Inventory:

Hand Weapons
 a - a +0 whip (weapon)
 x - a +0 blowgun
Missiles
 l - 33 poisoned needles
Armour
 b - the +1 robe of the Leaf (worn) {Regen+}
   (You found it on level 4 of the Dungeon)

   It increases your rate of regeneration.
 v - a +0 shield
Jewellery
 e - a ring of resist corrosion (left hand)
 m - an amulet of guardian spirit (around neck)
Scrolls
 g - 2 scrolls of blinking {unknown}
 i - 3 scrolls of identify {unknown}
 n - 2 scrolls of enchant armour {unknown}
 p - 2 scrolls of fear {unknown}
 q - 2 scrolls of magic mapping {unknown}
 r - 2 scrolls of random uselessness {unknown}
 s - a scroll of teleportation {unknown}
 y - 2 scrolls of remove curse {unknown}
Potions
 h - a potion of heal wounds {unknown}
 j - 2 potions of lignification {unknown}
 k - 2 potions of brilliance {unknown}
 o - 7 potions of curing {unknown}
 t - a potion of magic {unknown}
 u - a potion of mutation {unknown}
 w - a potion of ambrosia {unknown}
Comestibles
 f - 4 rations


   Skills:
 + Level 5.4 Fighting
 * Level 6.6 Throwing
 + Level 3.5 Dodging
 - Level 0.6 Stealth
 + Level 1.7 Shields


You had 6 spell levels left.
You didn't know any spells.
Your spell library contained the following spells:

 Spells                   Type           Power        Failure   Level  Hunger
 Corona                   Hex            #......      32%         1    ##.....
 Ensorcelled Hibernation  Hex/Ice        #.....       45%         2    ###....
 Confuse                  Hex            #.......     69%         3    ####...
 Dazzling Spray           Conj/Hex       #.....       69%         3    ####...
 Tukima's Dance           Hex            #.......     69%         3    ####...


Dungeon Overview and Level Annotations

Branches:
Dungeon (5/15)             Temple (1/1) D:4

Altars:
Ashenzari
Cheibriados
Elyvilon
Fedhas
Gozag
Hepliaklqana
Kikubaaqudgha
Makhleb
Qazlal
Ru
Trog
Uskayaw
Wu Jian
The Shining One


Innate Abilities, Weirdness & Mutations

You are too large for most types of armour.
You have tough skin. (AC +1)


Message History

* * * LOW HITPOINT WARNING * * *
You see here a scroll labeled EGERYM IH FYF.
You closely miss the centaur.
The centaur is severely wounded.
The centaur hits you.
* * * LOW HITPOINT WARNING * * *
You hit the centaur but do no damage.
The centaur is severely wounded.
The centaur hits you.
* * * LOW HITPOINT WARNING * * *
The centaur closely misses you.
You hit the centaur but do no damage.
The centaur is severely wounded.
The centaur hits you but does no damage.
The centaur hits you.
* * * LOW HITPOINT WARNING * * *
You barely miss the centaur.
The centaur is severely wounded.
The centaur hits you.
You die...

.. .. #. #..
#. ##.####.
......#.##
.......#<#####
.......##....#
.......#(###.#
#@## #c# (5.
##(## #.# #.#
#.# ..#


You could see a centaur and a shadow imp.

Vanquished Creatures
  2 scorpions (D:4)
  A howler monkey (D:4)
  3 hounds
  An orc priest (D:3)
  An orc wizard (D:3)
  An iguana (D:4)
  A worker ant (D:4)
  A hound skeleton (D:4)
  9 adders
  4 oozes
  3 worms (D:3)
  5 dart slugs
  3 leopard geckos
  7 orcs
  6 giant cockroaches
  12 goblins
  12 hobgoblins
  10 jackals
  8 kobolds
  3 quokkas
  7 bats
  5 frilled lizards
  A leopard gecko skeleton (D:3)
  10 rats
116 creatures vanquished.

Notes
Turn   | Place    | Note
-------+----------+-------------------------------------------
     0 | D:1      | Ivernyr the Ogre Hunter began the quest for the Orb.
     0 | D:1      | Reached XP level 1. HP: 22/22 MP: 1/1
    88 | D:1      | Reached XP level 2. HP: 15/31 MP: 2/2
   743 | D:1      | Reached XP level 3. HP: 27/37 MP: 3/3
  1687 | D:2      | Found an opulent altar of Gozag.
  2134 | D:2      | Reached XP level 4. HP: 43/46 MP: 2/4
  2535 | D:2      | Reached skill level 5 in Throwing
  2800 | D:2      | Found a blossoming altar of Fedhas.
  2927 | D:3      | Reached XP level 5. HP: 28/54 MP: 2/5
  3944 | D:3      | Reached XP level 6. HP: 55/63 MP: 6/6
  5005 | D:4      | Reached skill level 6 in Throwing
  5862 | D:4      | Found a sacrificial altar of Ru.
  5879 | D:4      | Found a staircase to the Ecumenical Temple.
  5895 | Temple   | Entered the Ecumenical Temple
  6109 | D:4      | Reached skill level 1 in Shields
  6169 | D:4      | Reached skill level 5 in Fighting
  6181 | D:4      | Reached XP level 7. HP: 27/72 MP: 4/7
  6212 | D:4      | HP: 3/72 [poisoned by a scorpion]
  6218 | D:4      | HP: 3/72 [poisoned by a scorpion]
  6226 | D:4      | HP: 2/72 [poisoned by a scorpion]
  7114 | D:4      | Got a twisted robe
  7120 | D:4      | Identified the +1 robe of the Leaf {Regen+} (You found it
                  | on level 4 of the Dungeon)
  7300 | D:5      | Entered Level 5 of the Dungeon
  7314 | D:5      | Slain by a centaur

Skill      XL: |  1  2  3  4  5  6 |
---------------+-------------------+-----
Fighting       | 3 4 5 |  5.4
Dodging        | 2 3 |  3.5
Throwing       | 5 6 |  6.6
Shields        | 1 |  1.7
Stealth        | |  0.6

Action                   |  1- 3 |  4- 6 |  7- 9 || total
-------------------------+-------+-------+-------++-------
Melee: Short sword       |   110 |       |       ||   110
       Whip              |    67 |   432 |    36 ||   535
 Fire: Blowgun           |       |     3 |    12 ||    15
Throw: Large rock        |     3 |     6 |     9 ||    18
       Throwing net      |       |       |     2 ||     2
 Stab: Sleeping          |     1 |     1 |       ||     2
  Eat: Chunk             |     4 |    13 |     3 ||    20
Armor: Robe              |    58 |   107 |    11 ||   176
Dodge: Dodged            |   131 |   243 |    27 ||   401
